 Dungeon Crawl Stone Soup version 0.25-a0-1007-g10a8c3caa8 (webtiles) character file.

Game seed: 8061385413535795746, levelgen mode: deterministic

72 Hasart the Chiller (level 4, -2/24 HPs)
             Began as a Deep Elf Ice Elementalist on May 11, 2020.
             Killed from afar by Natasha (8 damage)
             ... with a magic dart
             ... on level 2 of the Dungeon.
             The game lasted 00:02:32 (1764 turns).

Hasart the Chiller (Deep Elf Ice Elementalist)      Turns: 1764, Time: 00:02:33

Health: -2/24      AC:  2    Str:  5    XL:     4   Next: 7%
Magic:  8/11       EV: 13    Int: 21    God:
Gold:   110        SH:  0    Dex: 15    Spells: 6/10 levels left

rFire    + . .     SeeInvis .   b - +0 short sword (elec)
rCold    . . .     Gourm    .   (no shield)
rNeg     . . .     Faith    +   a - +0 robe
rPois    .         Spirit   .   (no helmet)
rElec    .         Reflect  .   (no cloak)
rCorr    .         Harm     .   (no gloves)
MR       +....                  (no boots)
Stlth    ++........             u - amulet of faith
HPRegen  0.08/turn              s - ring of protection from magic
MPRegen  0.12/turn              v - ring of protection from fire

@: no status effects
A: no striking features
a: no special abilities


You were on level 2 of the Dungeon.
You were not hungry.

You visited 1 branch of the dungeon, and saw 2 of its levels.

You collected 110 gold pieces.

Inventory:

Hand Weapons
 b - a +0 short sword of electrocution (weapon)
Missiles
 k - 14 poisoned darts (quivered)
Armour
 a - a +0 robe (worn)
Jewellery
 s - a ring of protection from magic (left hand)
 u - an amulet of faith (around neck)
 v - a ring of protection from fire (right hand)
Scrolls
 d - a scroll of immolation {unknown}
 e - 2 scrolls of remove curse {unknown}
 f - 3 scrolls of identify {unknown}
 j - a scroll of amnesia {unknown}
 l - a scroll of teleportation {unknown}
 n - a scroll of magic mapping {unknown}
 o - a scroll of random uselessness {unknown}
 q - a scroll of fog {unknown}
Potions
 g - 2 potions of ambrosia {unknown}
 h - 2 potions of might {unknown}
 i - a potion of magic {unknown}
 m - a potion of haste {unknown}
 r - a potion of flight {unknown}
 t - a potion of brilliance {unknown}
Comestibles
 c - 6 rations
 p - 2 chunks of flesh


   Skills:
 + Level 1.4 Short Blades
 + Level 3.2 Dodging
 - Level 2.4 Stealth
 + Level 3.7 Spellcasting
 * Level 5.2 Ice Magic


You had 6 spell levels left.
You knew the following spells:

 Your Spells              Type           Power        Failure   Level  Hunger
a - Freeze                Ice            ####         1%          1    None
b - Frozen Ramparts       Ice            ####..       4%          3    ###....

Your spell library contained the following spells:

 Spells                   Type           Power        Failure   Level  Hunger
 Ozocubu's Armour         Chrm/Ice       ##......     13%         3    ###....
 Hailstorm                Conj/Ice       ##......     38%         4    ####...
 Summon Ice Beast         Ice/Summ       ##......     38%         4    ####...


Dungeon Overview and Level Annotations

Branches:
Dungeon (2/15)

Altars:

Annotations:
D:2 Natasha


Message History

Natasha misses you.
Casting: Freeze (safe; 1% risk of failure)
Confirm with . or Enter, or press ? or * to list all spells.
Aiming: Freeze (safe; 1% risk of failure)
Press: ? - help, Shift-Dir - straight line, f/p - Natasha
Aim: Natasha (moderately wounded)
You freeze Natasha.
Natasha is severely wounded.
Natasha claws you.
* * * LOW HITPOINT WARNING * * *
Casting: Freeze (safe; 1% risk of failure)
Confirm with . or Enter, or press ? or * to list all spells.
Aiming: Freeze (safe; 1% risk of failure)
Press: ? - help, Shift-Dir - straight line, f/p - Natasha
Aim: Natasha (severely wounded)
You freeze Natasha.
Natasha is almost dead.
Natasha casts a spell at you. The magic dart hits you!
You die...

##.....##.....##.##
##..............#..#
#................#.##
#................#..######
#................##.....##
#...................###...
#................##.......
#................##.......
##.......@h.............<.
##.....#.................
#######........^........
#....5............(
#..................
#.........[....##..
#..............####
##..............# #
#..............##


You could see Natasha and a crimson imp (summoned).

Vanquished Creatures
  Natasha (D:2)
  3 adders (D:2)
  An ooze (D:1)
  A worm (D:2)
  2 leopard geckos (D:2)
  A giant cockroach (D:2)
  3 bats (D:1)
  A frilled lizard (D:2)
  A goblin (D:1)
  A kobold (D:2)
  3 rats
18 creatures vanquished.

Notes
Turn   | Place    | Note
-------+----------+-------------------------------------------
     0 | D:1      | Hasart the Deep Elf Ice Elementalist began the quest for
                  | the Orb.
     0 | D:1      | Reached XP level 1. HP: 10/10 MP: 6/6
   394 | D:1      | Reached XP level 2. HP: 15/15 MP: 8/8
  1306 | D:2      | Reached skill level 1 in Short Blades
  1306 | D:2      | Reached XP level 3. HP: 19/19 MP: 6/9
  1311 | D:2      | Learned a level 3 spell: Frozen Ramparts
  1610 | D:2      | Reached skill level 5 in Ice Magic
  1722 | D:2      | Noticed Natasha
  1725 | D:2      | Killed Natasha
  1725 | D:2      | Reached XP level 4. HP: 24/24 MP: 11/11
  1749 | D:2      | Noticed Natasha
  1764 | D:2      | Killed from afar by Natasha

Illustrated notes

Levels and vault maps discovered:
D:1:      minmay_arrival_up_and_down, layout_basic, minivault_24,
          serial_bayou_pond_c
D:2:      layout_rooms, first_ration, chequers_jeans, uniq_natasha

Skill      XL: |  1  2  3 |
---------------+----------+-----
Short Blades   | 1 |  1.4
Dodging        | 3 |  3.2
Ice Magic      | 5 |  5.2
Stealth        | |  2.4
Spellcasting   | |  3.7

Action                   |  1- 3 |  4- 6 || total
-------------------------+-------+-------++-------
Melee: Short sword       |    22 |       ||    22
 Cast: Freeze            |    16 |     3 ||    19
 Stab: Sleeping          |     5 |       ||     5
  Eat: Chunk             |     2 |       ||     2
Armor: Robe              |     5 |       ||     5
Dodge: Dodged            |    25 |     1 ||    26

Table legend:
 A = Non-vault XP
 B = Vault XP
 C = Vault XP percentage of total XP
 D = Non-vault monster count
 E = Vault monster count
 F = Vault count percentage of total count
                 A         B        C        D         E       F
            +---------+---------+-------+---------+---------+-------
      Total |      69 |      35 |  33.7 |      17 |       1 |   5.6
            +---------+---------+-------+---------+---------+-------
        D:1 |      14 |       0 |   0.0 |       7 |       0 |   0.0
        D:2 |      55 |      35 |  38.9 |      10 |       1 |   9.1
            +---------+---------+-------+---------+---------+-------
